 Dungeon Crawl Stone Soup version 0.20.1-1-g8b1a95d (webtiles) character file.

13685 vatarom the Arsonist (level 11, -3/85 HPs)
             Began as a Yellow Draconian Wizard on Sept 11, 2017.
             Was a High Priest of Vehumet.
             Slain by an orc warrior
             ... wielding a +0 dire flail
              (21 damage)
             ... on level 12 of the Dungeon.
             The game lasted 00:55:24 (15826 turns).

vatarom the Arsonist (Yellow Draconian Wizard)     Turns: 15826, Time: 00:55:25

Health: -3/85      AC: 10    Str: 10    XL:     11   Next: 78%
Magic:  25/29      EV: 12    Int: 22    God:    Vehumet [*****.]
Gold:   598        SH:  0    Dex: 11    Spells: 1/23 levels left

rFire    . . .     SeeInvis .   l - +2 flail (freeze)
rCold    . . .     Gourm    .   (no shield)
rNeg     + . .     Faith    .   (armour unavailable)
rPois    +         Spirit   .   a - +0 hat
rElec    .         Reflect  .   z - +1 cloak {rPois}
rCorr    +         Harm     +   A - +0 pair of gloves
MR       .....                  (no boots)
Stlth    +.........             B - amulet of harm
Regen    0.3/turn               i - ring of positive energy
MPRegen  0.3/turn               x - ring of magical power

@: no status effects
A: spit acid, acid resistance, unfitting armour, hooves 1, agile 1, frail 1,
cold-blooded, AC +7
a: Breathe Acid, Renounce Religion


You were on level 12 of the Dungeon.
You worshipped Vehumet.
Vehumet was extremely pleased with you.
You were not hungry.

You visited 2 branches of the dungeon, and saw 13 of its levels.

You collected 838 gold pieces.
You spent 240 gold pieces at shops.

Inventory:

Hand Weapons
 l - a +2 flail of freezing (weapon)
Armour
 a - a +0 hat (worn)
 z - a +1 cloak of poison resistance (worn)
 A - a +0 pair of gloves (worn)
Jewellery
 i - a ring of positive energy (left hand)
 x - a ring of magical power (right hand)
 B - an amulet of harm (around neck)
Wands
 d - a wand of iceblast (12/15)
 e - a wand of iceblast (8/15)
 n - a wand of enslavement (12/24)
 r - a wand of iceblast (7/15)
 v - a wand of acid (0/15)
 w - a wand of iceblast (10/15)
 D - a wand of enslavement (11/24)
Scrolls
 g - a scroll of blinking
 k - 2 scrolls of remove curse
 o - a scroll of enchant armour
 s - 2 scrolls of fog
 y - a scroll of recharging
 C - 2 scrolls of enchant weapon
Potions
 b - a potion of flight
 j - 2 potions of lignification
 p - 2 potions of invisibility
 q - 2 potions of curing
 u - 3 potions of haste
 F - a potion of agility
Books
 m - a book of Minor Magic

   Spells                             Type                      Level
   a - Magic Dart                     Conjuration                  1
   b - Blink                          Translocation                2
   c - Call Imp                       Summoning                    2
   d - Slow                           Hexes                        2
   e - Conjure Flame                  Conjuration/Fire             3
   f - Mephitic Cloud                 Conjuration/Poison/Air       3
Comestibles
 c - 7 bread rations
 f - 3 fruits
 h - 8 meat rations
 t - a royal jelly
 E - 3 chunks of flesh


   Skills:
 - Level 8.3 Fighting
 * Level 1.7 Dodging
 - Level 1.7 Stealth
 - Level 6.5 Spellcasting
 + Level 10.2 Conjurations
 - Level 2.8 Summonings
 - Level 1.2 Translocations
 + Level 12.1 Fire Magic
 - Level 2.0 Air Magic


You had one spell level left.
You knew the following spells:

 Your Spells              Type           Power        Failure   Level  Hunger
a - Magic Dart            Conj           ####         1%          1    None
b - Call Imp              Summ           ###.....     4%          2    None
c - Blink                 Tloc           N/A          8%          2    None
d - Mephitic Cloud        Conj/Pois/Air  ####....     1%          3    #......
e - Conjure Flame         Conj/Fire      ######..     1%          3    #......
f - Bolt of Fire          Conj/Fire      ######....   3%          6    ######.
g - Throw Flame           Conj/Fire      ######       1%          2    None
h - Ignite Poison         Fire/Tmut/Pois ####....     1%          3    #......


Dungeon Overview and Level Annotations

Branches:
Dungeon (12/15)            Temple (1/1) D:4            Lair (0/6) D:11
    Orc: D:9-12

Altars:
Ashenzari
Cheibriados
Dithmenos
Elyvilon
Fedhas
Gozag
Hepliaklqana
Kikubaaqudgha
Makhleb
Nemelex Xobeh
Okawaru
Qazlal
Ru
Sif Muna
Trog
Uskayaw
Vehumet
Xom
Yredelemnul
Zin
The Shining One

Shops:
D:5 (   D:7 *=(=   D:9 }


Innate Abilities, Weirdness & Mutations

You can spit globs of acid.
You are resistant to acid.
Your golden yellow scales are hard. (AC +7)
You cannot fit into any form of body armour.
You are cold-blooded and may be slowed by cold attacks.
You have large cloven feet.
You are agile. (Dex +2)
You are frail. (-10% HP)


Message History

Unknown command.
The lava snake completely misses the molten gargoyle.
Found 3 scrolls of identify.
A killer bee comes into view.
Deactivating autopickup; reactivate with Ctrl-A.
You closely miss something. Your kick misses something.
Your tail-slap misses something.
Something hits you but does no damage.
The lava snake misses the killer bee.
The bullfrog zombie hits you.
A killer bee comes into view.
Something hits you.
The bullfrog zombie hits you but does no damage.
The orc warrior hits you with a dire flail!
Something hits you. The bullfrog zombie hits you.
Unknown command.
You barely miss something. Something hits you! x2
The orc warrior hits you with a dire flail!
* * * LOW HITPOINT WARNING * * *
The bullfrog zombie barely misses you.
The crimson imp blinks!
The orc warrior hits you with a dire flail!!
You die...

...§§ ##.≈≈§≈
≈ ##≈≈S≈§ ≈≈
##≈≈≈≈# ###
##≈≈≈8# ....
######5≈≈(#
..?.
....§§≈≈.8#..#
#.≈≈<.@o..#
#.≈≈>9Z'..#
#.§≈≈y8#..#
#..≈≈≈.##....
##..§§y8 #....
##..≈≈y§ ####
##..≈§§≈ ≈≈§
##...S≈≈ §≈


You could see a molten gargoyle, an orc warrior, 3 killer bees, 2 lava snakes, a
crimson imp and a bullfrog zombie.

Vanquished Creatures
  Snorg (D:11)
  2 two-headed ogres (D:11)
  An ugly thing (D:11)
  Maurice (D:9)
  2 trolls
  2 hippogriffs
  A wraith (D:10)
  A basilisk (D:11)
  2 shadows (D:11)
  A vampire (D:10)
  19 yaks
  4 porcupines (D:11)
  A black bear (D:11)
  5 orc warriors
  2 ice beasts
  2 ogres
  A sky beast (D:11)
  2 phantoms
  5 centaurs
  A wolf (D:11)
  4 crocodiles (D:11)
  Blork the orc (D:6)
  A big kobold (D:9)
  A gnoll sergeant (D:11)
  7 bullfrogs
  A wyvern zombie (D:10)
  5 scorpions
  11 killer bees
  10 wights
  5 howler monkeys
  4 crimson imps
  2 bullfrog zombies
  2 centaur skeletons
  2 jellies (D:6)
  A quasit (D:10)
  5 hounds
  14 orc wizards
  5 orc priests
  A bullfrog skeleton (D:8)
  A gnoll shaman (D:5)
  Terence (D:2)
  5 iguanas
  7 worker ants
  A hound zombie (D:5)
  11 adders
  9 gnolls
  A shadow imp (D:6)
  3 oozes
  2 adder skeletons
  4 worms
  6 leopard geckos
  31 orcs
  3 ball pythons
  5 giant cockroaches
  7 goblins
  8 hobgoblins
  3 jackals
  12 kobolds
  3 quokkas
  7 bats
  8 frilled lizards
  6 rats
  A spectral orc (D:2)
283 creatures vanquished.

Vanquished Creatures (collateral kills)
  Edmund (D:4)
  A centaur (D:8)
  2 ogres
  A big kobold (D:9)
  A bullfrog (D:8)
  A scorpion (D:5)
  A killer bee (D:8)
  A howler monkey (D:5)
  2 wights (D:11)
  A crimson imp (D:8)
  An orc priest (D:11)
  A centaur skeleton (D:5)
  3 worker ants
  An orc wizard (D:6)
  4 adders
  2 leopard geckos
  5 orcs
  A jackal zombie (D:5)
  4 kobolds (D:9)
  A rat (D:1)
35 creatures vanquished.

Vanquished Creatures (others)
  A wolf (D:11)
  A hound (D:10)
  4 bushes (D:11)
  4 fungi (D:11)
  20 plants (D:11)
30 creatures vanquished.

Grand Total: 348 creatures vanquished

Notes
Turn   | Place    | Note
-------+----------+-------------------------------------------
     0 | D:1      | vatarom the Draconian Wizard began the quest for the Orb.
     0 | D:1      | Reached XP level 1. HP: 14/14 MP: 4/4
   298 | D:1      | Reached XP level 2. HP: 22/22 MP: 4/6
   368 | D:1      | Reached skill level 1 in Fighting
   378 | D:1      | Learned a level 2 spell: Call Imp
   381 | D:1      | Learned a level 2 spell: Blink
  1202 | D:2      | Reached XP level 3. HP: 19/28 MP: 2/7
  1252 | D:2      | Learned a level 3 spell: Mephitic Cloud
  1521 | D:2      | Noticed Terence
  1591 | D:2      | Killed Terence
  1602 | D:2      | Reached skill level 1 in Air Magic
  2010 | D:2      | Reached XP level 4. HP: 26/35 MP: 1/9
  2454 | D:2      | Found a radiant altar of Vehumet.
  2469 | D:2      | Became a worshipper of Vehumet
  2831 | D:2      | Found a basalt altar of Yredelemnul.
  3109 | D:3      | Found a bloodstained altar of Trog.
  3204 | D:3      | Found a hazy altar of Hepliaklqana.
  3575 | D:3      | Reached XP level 5. HP: 40/40 MP: 4/10
  3659 | D:3      | Learned a level 3 spell: Conjure Flame
  3953 | D:4      | Reached * piety under Vehumet
  3953 | D:4      | Offered knowledge of Flame Tongue by Vehumet.
  4353 | D:4      | Noticed Edmund
  4485 | D:4      | Reached XP level 6. HP: 15/47 MP: 3/12
  4787 | D:4      | Killed Edmund
  5043 | D:4      | Found a staircase to the Ecumenical Temple.
  5063 | Temple   | Entered the Ecumenical Temple
  5189 | D:5      | Entered Level 5 of the Dungeon
  5200 | D:5      | Found a shadowy altar of Dithmenos.
  5238 | D:5      | Reached skill level 5 in Conjurations
  5238 | D:5      | Your scales start taking on a golden yellow colour.
  5238 | D:5      | Reached XP level 7. HP: 52/52 MP: 5/13
  5361 | D:5      | Learned a level 1 spell: Flame Tongue
  5446 | D:5      | Reached skill level 1 in Fire Magic
  5776 | D:5      | Found Xeapych's Weapon Shoppe.
  5821 | D:5      | Reached skill level 2 in Fire Magic
  6449 | D:5      | Reached skill level 5 in Spellcasting
  6516 | D:5      | Reached skill level 3 in Fire Magic
  6701 | D:5      | Reached XP level 8. HP: 56/59 MP: 3/15
  6892 | D:5      | Reached ** piety under Vehumet
  6976 | D:6      | Reached skill level 4 in Fire Magic
  7265 | D:6      | Offered knowledge of Throw Flame by Vehumet.
  7578 | D:6      | Reached skill level 5 in Fire Magic
  8160 | D:6      | Gained mutation: You are frail. (-10% HP) [potion of mutation]
  8160 | D:6      | Gained mutation: You are agile. (Dex +2) [potion of mutation]
  8160 | D:6      | Gained mutation: You have large cloven feet. [potion of mutation]
  8178 | D:6      | Noticed Blork the orc
  8199 | D:6      | Killed Blork the orc
  8199 | D:6      | Reached skill level 6 in Fire Magic
  8215 | D:6      | Found a snail-covered altar of Cheibriados.
  8426 | D:7      | Found Xefracw's Jewellery Shoppe.
  8433 | D:7      | Bought an uncursed ring of magical power for 240 gold pieces
  8619 | D:7      | Found Qock's General Store.
  8763 | D:7      | Reached XP level 9. HP: 57/57 MP: 8/16
  8862 | D:7      | Found a white marble altar of Elyvilon.
  8978 | D:7      | Found Eweawym's Weapon Shop.
  9010 | D:7      | Reached skill level 7 in Fire Magic
  9152 | D:7      | Found a glowing silver altar of Zin.
  9340 | D:7      | Found Devewuuxi's Jewellery Shop.
  9558 | D:8      | Learned a level 2 spell: Throw Flame
 10017 | D:8      | Found a basalt altar of Yredelemnul.
 10028 | D:8      | Reached skill level 8 in Fire Magic
 10096 | D:8      | Offered knowledge of Inner Flame by Vehumet.
 10610 | D:9      | Reached *** piety under Vehumet
 10724 | D:9      | Noticed Maurice
 11218 | D:9      | Offered knowledge of Ignite Poison by Vehumet.
 11223 | D:9      | Learned a level 3 spell: Ignite Poison
 11228 | D:9      | Reached skill level 9 in Fire Magic
 11461 | D:9      | Killed Maurice
 11461 | D:9      | Reached XP level 10. HP: 63/63 MP: 16/19
 11642 | D:9      | Found Sepadial's Gadget Emporium.
 11849 | D:9      | Found a burning altar of Makhleb.
 11924 | D:10     | Entered Level 10 of the Dungeon
 12229 | D:10     | Reached skill level 10 in Fire Magic
 12512 | D:10     | Reached **** piety under Vehumet
 12742 | D:10     | Offered knowledge of Lightning Bolt by Vehumet.
 13331 | D:11     | Reached skill level 5 in Fighting
 13334 | D:11     | Noticed Snorg
 13552 | D:11     | Reached skill level 11 in Fire Magic
 13560 | D:11     | Reached XP level 11. HP: 79/79 MP: 17/20
 13711 | D:11     | Killed Snorg
 14315 | D:11     | Noticed a two-headed ogre
 14865 | D:11     | Found a staircase to the Lair.
 15161 | D:11     | Noticed a cyan ugly thing
 15166 | D:11     | Killed a cyan ugly thing
 15166 | D:11     | Reached ***** piety under Vehumet
 15177 | D:11     | Offered knowledge of Bolt of Fire by Vehumet.
 15188 | D:11     | Learned a level 6 spell: Bolt of Fire
 15222 | D:11     | Reached skill level 10 in Conjurations
 15327 | D:11     | Found a hide-covered altar of Uskayaw.
 15425 | D:11     | Killed a two-headed ogre
 15425 | D:11     | Reached skill level 12 in Fire Magic
 15481 | D:11     | Noticed a two-headed ogre
 15483 | D:11     | Killed a two-headed ogre
 15826 | D:12     | Slain by an orc warrior

Skill      XL: |  1  2  3  4  5  6  7  8  9 10 11 |
---------------+----------------------------------+-----
Fighting       | 1 5 8 |  8.3
Conjurations   | 2 4 5 7 8 9 10 | 10.2
Air Magic      | 1 2 |  2.0
Spellcasting   | 4 5 6 |  6.5
Summonings     | 2 |  2.8
Fire Magic     | 3 6 9 11 12 | 12.1
Dodging        | |  1.7
Stealth        | |  1.7
Translocations | |  1.2

Action                   |  1- 3 |  4- 6 |  7- 9 | 10-12 || total
-------------------------+-------+-------+-------+-------++-------
Melee: Whip              |     4 |       |       |       ||     4
       Dagger            |    27 |    53 |       |       ||    80
       Tailslap          |     2 |     4 |     6 |     4 ||    16
       Flail             |       |     4 |    78 |    58 ||   140
       Kick              |       |       |    10 |    11 ||    21
 Cast: Magic Dart        |    79 |   123 |   379 |   189 ||   770
       Call Imp          |     7 |    15 |    43 |    25 ||    90
       Blink             |     2 |       |     2 |     1 ||     5
       Mephitic Cloud    |     1 |     6 |    47 |    63 ||   117
       Conjure Flame     |       |     2 |    13 |    16 ||    31
       Flame Tongue      |       |       |     1 |       ||     1
       Ignite Poison     |       |       |     5 |    41 ||    46
       Throw Flame       |       |       |     3 |     8 ||    11
       Bolt of Fire      |       |       |       |    10 ||    10
 Abil: Breathe Acid      |       |       |    16 |     7 ||    23
Evoke: Wand              |       |     2 |     2 |     3 ||     7
  Use: Scroll            |     6 |     5 |     6 |     8 ||    25
       Potion            |     3 |     1 |     2 |       ||     6
 Stab: Confused          |       |     2 |       |       ||     2
       Sleeping          |       |     1 |       |       ||     1
  Eat: Chunk             |     3 |     8 |     8 |    11 ||    30
       Fruit             |       |     1 |     2 |       ||     3
       Bread ration      |       |     1 |     3 |     2 ||     6
Armor: Skin              |    10 |    19 |    89 |    71 ||   189
Dodge: Dodged            |    23 |    62 |   136 |   105 ||   326
